Map: Distant Plane

Players

Prometej

  • Race: Protoss Protoss

Ceraa

  • Race: Terran Terran

Blubbel - Winner!

  • Race: Terran Terran
  • League: Silver

zod - Winner!

  • Race: Protoss Protoss
  • League: Silver

VOD

Have the link to the VOD?

Description

Time

  • Played on: Jan. 18, 2016, 2:36 p.m.
  • Length: 20:44
Show
View Real Time Build Order
Export as new Build Order

Prometej Protoss 

Build Orders: Oracle Opening 

Get SALT Encoding   

  12  0:03  Probe (Chrono Boost)  
  13  0:15  Pylon  
  13  0:23  Probe (Chrono Boost)  
  14  0:28  Assimilator  
  14  0:40  Gateway  
  14  1:18  Probe (Chrono Boost)  
  14  1:20  Assimilator  
  15  1:29  Probe (Chrono Boost)  
  16  1:33  Cybernetics Core  
  17  1:40  Probe (Chrono Boost)  
  17  1:50  Probe (Chrono Boost)  
  18  2:01  Probe (Chrono Boost)  
  19  2:06  Pylon  
  19  2:17  Stargate  
  19  2:19  Stargate  
  19  2:20  Probe (Chrono Boost)  
  20  2:30  Probe (Chrono Boost)  
  21  2:41  Mothership Core (Chrono Boost)  
  23  2:48  Pylon  
  23  3:04  Oracle (Chrono Boost)  
  26  3:28  Oracle (Chrono Boost)  
  29  4:27  Forge, Pylon  
  29  4:30  Pylon  
  29  4:35  Pylon  
  7  5:23  Probe  
  7  5:26  Void Ray (Chrono Boost)  
  16  5:32  Void Ray (Chrono Boost)  
  16  5:35  Probe  
  17  5:47  Probe  
  18  5:59  Probe  
  20  6:11  Probe  
  20  6:23  Probe  
  21  6:35  Probe  
  22  6:42  Photon Cannon  
  21  6:47  Probe  
  22  6:59  Probe  
  23  7:39  Probe  
  23  7:40  Void Ray (Chrono Boost)  
  24  7:52  Probe  
  25  8:04  Probe  
  26  8:16  Probe  
  27  8:28  Probe  
  28  8:40  Probe  
  29  8:52  Probe  
  34  9:08  Void Ray (Chrono Boost)  
  34  9:18  Void Ray (Chrono Boost)  
  34  9:19  Nexus  
  34  9:22  Protoss Air Weapons Level 1  
  42  9:46  Void Ray (Chrono Boost)  
  46  10:08  Void Ray (Chrono Boost)  
  46  10:19  Assimilator  
  46  10:22  Assimilator  
  46  10:26  Void Ray (Chrono Boost)  
  50  10:37  Probe  
  51  10:47  Probe  
  52  10:58  Probe  
  52  10:59  Protoss Shields Level 1  
  53  11:08  Probe  
  54  11:12  Stargate  
  54  11:14  Stargate  
  54  11:19  Probe  
  55  11:29  Probe  
  56  11:34  Pylon  
  56  11:36  Pylon  
  56  11:40  Probe  
  56  11:44  Protoss Air Armor Level 1  
  57  11:50  Probe  
  58  11:58  Void Ray (Chrono Boost)  
  66  12:01  Probe  
  66  12:05  Void Ray (Chrono Boost)  
  67  12:17  Mothership Core  
  9  14:34  Void Ray (Chrono Boost)  
  21  14:40  Void Ray x3 (Chrono Boost)  
  21  15:37  Photon Cannon  
  21  15:41  Probe  
  22  15:53  Probe  
  19  16:05  Probe  
  20  16:17  Probe  
  21  16:29  Probe  
  22  17:04  Nexus  
  10  18:30  Void Ray (Chrono Boost)  
  18  18:36  Void Ray (Chrono Boost)  
Show
View Real Time Build Order
Export as new Build Order

Ceraa Terran 

Build Orders: MMM Bio 

Get SALT Encoding   

  12  0:01  SCV  
  13  0:13  SCV  
  14  0:18  Supply Depot  
  14  0:30  SCV  
  15  0:41  Barracks  
  15  0:45  SCV  
  16  0:52  Refinery  
  16  0:58  SCV  
  17  1:10  SCV  
  18  1:14  Barracks  
  18  1:22  SCV  
  19  1:30  Marine  
  20  1:34  SCV  
  20  1:35  Supply Depot  
  21  1:48  Orbital Command  
  21  2:03  Barracks Reactor  
  21  2:09  Barracks Tech Lab  
  21  2:10  Refinery  
  21  2:20  SCV  
  22  2:32  Command Center, SCV  
  22  2:36  Marine  
  23  2:44  SCV  
  23  2:49  Marine x2  
  26  2:54  Marauder  
  28  3:06  Marine  
  28  3:07  Engineering Bay, Marine  
  30  3:13  Combat Shields  
  30  3:24  Marine  
  30  3:26  Supply Depot  
  31  3:28  Supply Depot  
  31  3:43  Marine  
  31  3:44  Marauder  
  34  3:51  Orbital Command  
  34  4:03  Factory  
  32  4:32  Stimpack  
  29  4:46  Marauder, Marine x2  
  29  4:50  Orbital Command  
  33  5:04  Marine x2  
  35  5:08  Marauder  
  32  5:21  Marine  
  32  5:22  Marine  
  32  5:25  Factory Tech Lab  
  34  5:28  Starport  
  34  5:29  Marauder  
  34  5:31  SCV  
  37  5:39  Marine  
  37  5:40  Marine  
  37  5:41  Missile Turret  
  39  5:43  SCV  
  39  5:47  Siege Tank  
  43  5:50  Marauder  
  43  5:55  SCV x2  
  47  5:57  Marine  
  47  5:58  Marine  
  47  6:03  Terran Infantry Weapons Level 1  
  49  6:07  SCV  
  49  6:08  Medivac  
  52  6:12  Marauder  
  52  6:15  Marine x2  
  56  6:19  SCV  
  57  6:31  SCV  
  58  6:33  Marauder, Marine x2  
  58  6:35  Bunker  
  62  6:57  Supply Depot  
  62  6:58  Supply Depot  
  62  7:08  Barracks  
  62  7:09  Supply Depot  
  62  7:12  Barracks  
  62  7:18  Marine x2  
  62  7:19  Siege Tank, Marauder  
  69  7:36  Marine x2  
  71  7:37  Engineering Bay  
  71  7:40  Marauder  
  71  7:43  SCV  
  74  7:51  Siege Tank  
  77  7:54  Command Center, Marine x2  
  77  7:55  SCV  
  77  7:57  Terran Infantry Armor Level 1  
  80  8:00  Barracks Tech Lab  
  80  8:02  Marauder  
  80  8:04  Barracks Reactor, SCV  
  83  8:08  SCV  
  83  8:12  Marine x2  
  86  8:13  Supply Depot  
  86  8:17  Supply Depot  
  86  8:18  SCV  
  86  8:35  SCV x2, Marauder, Marine x2  
  86  8:37  Command Center  
  92  8:42  Marine x2  
  92  8:43  Marauder  
  92  8:47  SCV x2  
  98  8:53  Marine x2  
  100  8:57  Marauder  
  100  9:02  Armory  
  102  9:10  Supply Depot  
  102  9:19  Concussive Shells  
  102  9:22  Refinery  
  102  9:31  Marine x4  
  102  9:32  SCV x2, Marauder  
  102  9:35  Supply Depot  
  102  9:36  Supply Depot  
  102  9:37  Supply Depot x2  
  110  9:39  Starport Reactor  
  110  9:48  Siege Tank  
  110  9:49  Marine x4, Marauder  
  110  9:50  SCV  
  120  9:53  Planetary Fortress, Marauder  
  122  10:02  Terran Infantry Weapons Level 2  
  122  10:03  SCV  
  123  10:09  Refinery  
  123  10:10  Marauder  
  125  10:15  Terran Infantry Armor Level 2  
  125  10:22  Marine, Medivac x2  
  125  10:23  Marine x3, Marauder  
  135  10:32  SCV, Marauder  
  138  10:40  Marine  
  139  10:44  SCV  
  140  10:52  Medivac x2  
  140  10:55  SCV  
  140  10:56  SCV  
  140  10:57  SCV  
  147  10:59  Marine, Marauder  
  150  11:07  SCV  
  150  11:08  SCV  
  150  11:09  SCV  
  153  11:14  Marine  
  153  11:15  Marauder, Marine  
  157  11:30  Supply Depot  
  157  11:32  Supply Depot  
  157  11:33  Supply Depot  
  157  11:38  Supply Depot  
  157  11:51  SCV x2, Marine x4  
  157  11:52  Marauder  
  157  11:54  Marauder  
  167  12:09  Marine x4  
  167  12:12  Marine  
  167  12:15  Marauder  
  174  12:27  Marine x4  
  176  12:31  Marauder  
  176  12:36  Marine  
  179  12:44  Marine x4  
  179  12:45  Terran Infantry Weapons Level 3  
  183  12:52  Marauder  
  183  12:54  Marauder  
  187  13:02  Marine x4  
  161  13:14  Marauder  
  161  13:15  Marine  
  143  13:20  Marine x4  
  143  13:23  Medivac x2  
  151  13:33  Marine  
  152  13:34  Marine  
  152  13:38  Marine x4  
  157  13:45  Missile Turret  
  157  13:46  Missile Turret  
  157  13:50  Missile Turret  
  157  13:51  Marine  
  157  13:52  Marine  
  157  13:53  Medivac x2  
  153  13:56  Marine x4  
  148  14:09  Marauder  
  143  14:11  Marauder  
  143  14:14  Marine x4  
  146  14:25  Terran Infantry Armor Level 3  
  146  14:30  Marauder  
  148  14:31  Marine x4  
  148  14:32  Marauder  
  146  14:49  Marine x4  
  146  14:52  Marauder  
  142  14:53  Marine  
  128  15:07  Marine x4  
  128  15:11  Marauder  
  128  15:12  Marine  
  102  15:26  Marine  
  102  15:27  Marine x3  
  106  15:31  Marauder  
  106  15:32  SCV  
  106  15:33  Marauder  
  111  15:44  SCV, Marine  
  111  15:45  Marine x3  
  116  15:52  Marauder  
  116  15:54  Marauder  
  116  15:56  SCV  
  120  16:01  Medivac x2  
  120  16:02  Marine  
  120  16:03  Marine x3  
  125  16:08  SCV  
  126  16:13  Marine  
  126  16:15  Marine  
  128  16:20  Marine x3  
  128  16:21  Marine  
  130  16:31  Marauder, Medivac  
  134  16:33  Marine  
  134  16:38  Marine x4  
  139  16:46  Command Center  
  139  16:51  Marauder  
  139  16:53  Marauder  
  143  16:55  Marine  
  143  16:56  Marine x3  
  147  17:12  Marine  
  147  17:13  Marine  
  147  17:14  Marine x4  
  152  17:30  Marine  
  152  17:31  Marine x2  
  152  17:32  Marine x3  
  142  17:47  Marine  
  142  17:49  Marine x4  
  143  17:52  Marine  
  138  18:05  Marine  
  136  18:07  Marine  
  136  18:09  Medivac x2  
  99  18:22  Marine  
  99  18:23  Marine x4  
  99  18:25  Marine  
  72  18:39  Medivac  
  72  18:40  Marine  
  72  18:41  Marine x4  
  70  18:42  Marine  
  70  18:58  Marine  
  70  18:59  Marine x4  
  70  19:00  Marine  
  62  19:16  Marine x4  
  62  19:17  Marine  
  61  19:18  Marine  
  59  19:34  Marine x5  
  59  19:36  Marine  
  51  19:52  Marine x4  
  51  19:53  Marauder  
Show
View Real Time Build Order
Export as new Build Order

Blubbel Terran - Winner!

Build Orders: 1/1/1 

Get SALT Encoding   

  12  0:01  SCV  
  13  0:14  SCV  
  14  0:26  SCV  
  15  0:28  Supply Depot  
  15  0:48  Refinery  
  15  0:50  SCV  
  15  0:52  Barracks  
  15  0:56  Refinery  
  16  1:02  SCV  
  17  1:14  SCV  
  18  1:26  SCV  
  19  1:38  SCV  
  20  1:42  Factory  
  20  1:48  Marine  
  20  1:53  Orbital Command  
  21  2:11  Barracks Reactor  
  21  2:18  Supply Depot  
  21  2:20  SCV  
  22  2:23  Supply Depot  
  22  2:29  Starport  
  22  2:39  Widow Mine  
  24  2:48  Marine x2  
  26  2:57  SCV  
  27  3:06  Marine  
  27  3:08  Medivac, Widow Mine  
  27  3:11  Marine  
  33  3:14  SCV  
  34  3:35  Command Center  
  34  3:55  Marine  
  34  3:56  Marine  
  34  4:01  SCV  
  37  4:08  Barracks  
  37  4:10  Engineering Bay  
  37  4:13  SCV  
  38  4:25  SCV  
  39  4:46  SCV  
  40  4:54  Missile Turret  
  40  4:56  Missile Turret, Marine x2  
  41  5:14  Marine  
  38  5:29  Missile Turret  
  38  5:30  SCV x2  
  40  5:39  Armory, Engineering Bay  
  40  5:40  Terran Infantry Weapons Level 1  
  40  5:42  SCV x2  
  42  5:43  Marine x2  
  42  5:46  Barracks Tech Lab, Barracks  
  42  5:47  Widow Mine  
  46  5:54  SCV x2  
  48  5:59  Missile Turret  
  48  6:01  Marine x2  
  50  6:06  SCV x2  
  52  6:18  SCV  
  52  6:19  SCV  
  54  6:29  Supply Depot  
  54  6:33  Supply Depot  
  54  6:50  Marine  
  54  6:51  SCV x2, Marauder  
  59  7:04  Starport Reactor  
  59  7:09  Barracks  
  59  7:12  Marauder  
  61  7:18  Stimpack  
  61  7:20  Marine  
  62  7:34  Marauder  
  64  7:38  Terran Infantry Armor Level 1, Terran Infantry Weapons Level 2  
  64  7:57  Missile Turret  
  64  8:02  Marauder  
  66  8:05  Barracks Reactor  
  66  8:07  Marine x3  
  66  8:12  Barracks  
  69  8:19  Missile Turret  
  69  8:22  Supply Depot  
  69  8:23  Supply Depot  
  69  8:24  Marine  
  69  8:26  Supply Depot  
  70  8:41  Missile Turret  
  70  8:43  Marauder, Medivac x2, Marine x2  
  70  8:44  Marine  
  79  8:57  Orbital Command  
  79  9:01  Marine x2  
  81  9:09  Command Center  
  81  9:16  Factory Tech Lab  
  81  9:22  Barracks  
  81  9:23  Barracks Reactor x2  
  81  9:27  Marauder  
  81  9:28  Marine x4  
  81  9:29  Combat Shields  
  87  9:36  Medivac x2  
  91  9:45  Marine  
  91  9:46  Marine  
  91  9:49  Supply Depot  
  91  9:51  Supply Depot  
  93  9:53  Supply Depot  
  93  9:55  Supply Depot x2  
  93  10:10  Marauder  
  95  10:14  Marine x2  
  95  10:15  Marine x6  
  103  10:23  Missile Turret, Terran Infantry Armor Level 2  
  103  10:32  Marine x3, Marauder  
  103  10:33  Marine  
  109  10:40  Terran Infantry Weapons Level 3  
  109  10:43  Barracks Tech Lab  
  109  10:44  Missile Turret  
  109  10:53  Marauder  
  111  11:04  Marine  
  111  11:05  Marine x7  
  111  11:06  Missile Turret, Marine  
  120  11:14  Supply Depot  
  120  11:15  Marauder  
  120  11:18  Supply Depot  
  122  11:22  Supply Depot x2, Marine x2  
  122  11:23  Planetary Fortress, Marine x7  
  131  11:29  Missile Turret  
  131  11:35  Marine  
  132  11:40  Marine x3  
  132  11:41  Marine x5  
  132  11:42  Marauder  
  142  11:48  SCV  
  142  11:49  SCV  
  142  11:54  Marauder  
  146  11:58  Marine x2  
  146  12:01  SCV x2  
  150  12:03  Marauder  
  152  12:15  Marauder  
  154  12:25  Marauder  
  156  12:37  Marauder  
  83  13:22  Marine x7  
  83  13:23  Marine x3  
  91  13:39  Marine  
  91  13:40  Marine x7  
  101  13:41  Marauder x2  
  89  13:57  Marine x2  
  89  13:58  Marine x3  
  72  14:03  Marauder x2  
  62  14:19  Marine x2  
  62  14:20  Marine x6  
  67  14:24  Marauder x2  
  67  14:37  Marine x3  
  67  14:38  Marine x5  
  57  14:45  Marine x2  
  52  14:55  Marine x5  
  52  14:56  Marine x3  
  60  15:03  Marine x2  
  53  15:13  Marine x2  
  53  15:14  Marine x4  
  47  15:20  Marine  
  50  15:27  Marine  
  50  15:28  Marauder  
  53  15:29  Marine  
  53  15:31  Marine x3  
  53  15:32  Marine x2  
  59  15:39  Marauder  
  61  15:49  Marauder  
  63  15:53  Command Center  
  63  15:58  Marine  
  63  15:59  Marine x5  
  63  16:00  Marauder  
  71  16:11  Marauder  
  73  16:16  Marine x2  
  73  16:17  Marine x2  
  77  16:22  Marauder  
  79  16:32  Marauder  
  79  16:34  Marine  
  79  16:35  Marine x6  
  79  16:36  Command Center, Marine  
  79  16:37  Command Center  
  87  16:43  Marauder  
  89  16:52  Marine  
  89  16:53  Marauder  
  92  17:04  Marauder  
  94  17:09  Marine  
  94  17:10  Marine x3  
  94  17:15  Marauder  
  100  17:26  Marauder  
  102  17:36  Marauder  
  83  17:47  Marauder  
  85  17:54  Marine x4  
  85  17:58  Marauder  
  91  18:08  Marauder  
  93  18:19  Marauder  
  82  18:30  Marauder  
  83  18:36  Marine  
  83  18:37  Marine x5  
  83  18:40  Marauder  
  91  18:51  Marauder  
  85  19:17  Marine  
  85  19:18  Marauder x2, Marine x5  
  85  19:19  Marine x2  
  96  19:35  Marine  
  96  19:36  Marine x6  
  96  19:37  Marine  
  104  19:39  Marine  
Show
View Real Time Build Order
Export as new Build Order

zod Protoss - Winner!

Build Orders:  

Get SALT Encoding   

  12  0:01  Probe (Chrono Boost)  
  13  0:12  Probe (Chrono Boost)  
  14  0:21  Pylon  
  14  0:22  Probe (Chrono Boost)  
  15  0:39  Probe (Chrono Boost)  
  15  0:40  Gateway  
  16  0:47  Assimilator  
  17  0:50  Probe (Chrono Boost)  
  17  1:00  Probe (Chrono Boost)  
  18  1:08  Gateway  
  18  1:11  Probe (Chrono Boost)  
  19  1:13  Assimilator  
  19  1:21  Probe (Chrono Boost)  
  20  1:31  Cybernetics Core  
  20  1:43  Probe (Chrono Boost)  
  20  1:46  Pylon  
  21  1:54  Probe (Chrono Boost)  
  22  2:02  Pylon  
  22  2:05  Probe (Chrono Boost)  
  22  2:07  Warp Gate (Chrono Boost)  
  23  2:13  Adept  
  25  2:16  Mothership Core  
  25  2:20  Adept  
  29  2:37  Probe  
  29  2:40  Adept  
  32  2:48  Adept  
  32  2:49  Probe  
  35  3:07  Adept  
  37  3:13  Gateway  
  37  3:15  Adept  
  39  3:45  Pylon  
  39  3:50  Nexus  
  39  3:54  Assimilator  
  39  3:57  Assimilator  
  39  3:59  Pylon  
  39  4:03  Probe  
  39  4:04  Pylon  
  40  4:13  Stalker  
  42  4:27  Stalker  
  37  4:42  Stalker  
  37  4:43  Stalker  
  35  4:54  Stalker  
  30  5:06  Probe x2, Pylon  
  32  5:17  Probe  
  32  5:18  Probe  
  34  5:27  Probe  
  34  5:30  Probe  
  36  5:41  Probe (Chrono Boost), Forge  
  36  5:42  Probe (Chrono Boost)  
  38  5:53  Probe (Chrono Boost)  
  38  5:54  Probe (Chrono Boost)  
  40  6:06  Probe (Chrono Boost), Gateway  
  40  6:08  Probe (Chrono Boost)  
  42  6:16  Probe (Chrono Boost)  
  43  6:23  Probe (Chrono Boost)  
  44  6:26  Photon Cannon  
  44  6:30  Probe (Chrono Boost)  
  45  6:33  Probe (Chrono Boost)  
  46  6:40  Probe (Chrono Boost)  
  46  6:44  Probe (Chrono Boost)  
  48  6:59  Probe (Chrono Boost), Nexus  
  49  7:02  Probe (Chrono Boost)  
  50  7:10  Stalker  
  50  7:33  Pylon  
  50  7:42  Pylon  
  50  7:46  Pylon  
  50  7:49  Probe x2 (Chrono Boost), Pylon  
  50  7:51  Pylon  
  52  7:53  Protoss Ground Weapons Level 1 (Chrono Boost), Assimilator  
  52  7:58  Stalker, Assimilator  
  52  7:59  Probe x2 (Chrono Boost)  
  52  8:03  Protoss Air Weapons Level 1 (Chrono Boost)  
  56  8:16  Probe x2  
  56  8:17  Probe  
  59  8:21  Stargate  
  59  8:24  Robotics Facility  
  57  8:27  Probe  
  58  8:38  Probe  
  58  8:47  Probe  
  59  8:48  Probe  
  59  8:50  Probe  
  61  8:57  Probe, Photon Cannon  
  61  8:59  Photon Cannon  
  61  9:00  Probe  
  61  9:01  Photon Cannon  
  61  9:02  Probe  
  64  9:05  Photon Cannon  
  64  9:07  Photon Cannon  
  64  9:08  Probe  
  65  9:12  Probe  
  65  9:14  Probe  
  67  9:18  Probe, Phoenix  
  70  9:24  Probe  
  70  9:26  Protoss Shields Level 1, Probe  
  70  9:29  Fleet Beacon, Observer  
  73  9:31  Pylon  
  73  9:34  Pylon  
  73  9:43  Phoenix  
  75  9:50  Observer  
  76  9:56  Stalker x2  
  76  9:57  Stalker x2  
  84  10:17  Tempest  
  88  10:23  Stargate  
  88  10:25  Stargate  
  88  10:28  Stargate  
  88  10:30  Stargate  
  88  10:36  Nexus  
  88  10:37  Protoss Air Weapons Level 2 (Chrono Boost)  
  88  10:43  Nexus  
  87  10:58  Assimilator  
  87  10:59  Pylon  
  87  11:01  Pylon  
  87  11:02  Assimilator  
  87  11:03  Pylon  
  87  11:06  Phoenix x2  
  87  11:11  Pylon  
  91  11:12  Pylon  
  91  11:14  Probe  
  91  11:15  Pylon  
  91  11:16  Probe x2, Pylon  
  94  11:21  Pylon  
  94  11:22  Phoenix, Photon Cannon  
  94  11:23  Photon Cannon  
  94  11:25  Probe, Photon Cannon  
  96  11:28  Probe x2  
  96  11:31  Phoenix  
  101  11:35  Probe, Twilight Council  
  101  11:37  Zealot  
  101  11:38  Zealot x3  
  110  11:40  Probe x2  
  112  11:52  Probe  
  112  11:53  Probe  
  112  11:54  Probe  
  115  11:57  Probe  
  116  12:02  Stalker x4  
  116  12:03  Probe  
  116  12:05  Probe  
  116  12:06  Probe  
  116  12:07  Probe  
  127  12:13  Probe  
  129  12:18  Probe x2  
  125  13:16  Tempest x3  
  111  13:22  Stalker  
  111  13:23  Stalker x3  
  118  13:41  Probe  
  118  13:42  Probe  
  118  13:43  Probe x2  
  118  13:47  Assimilator  
  122  13:49  Assimilator  
  122  13:52  Probe  
  115  13:56  Stalker x4  
  104  14:14  Phoenix x3  
  104  14:15  Phoenix x2  
  110  14:31  Adept x3  
  110  14:32  Adept  
  110  14:50  Tempest x2  
  109  14:53  Zealot x3  
  109  14:54  Zealot  
  102  15:24  Tempest x2  
  102  15:28  Probe  
  110  15:30  Probe x2  
  113  15:39  Probe  
  113  15:42  Probe x2, Tempest  
  116  15:43  Tempest  
  112  16:29  Stalker x3  
  112  16:30  Stalker  
  116  16:34  Tempest x3  
  128  16:43  Probe  
  128  16:45  Probe x2  
  131  16:54  Probe  
  131  16:56  Pylon  
  131  16:58  Pylon, Stargate  
  131  17:00  Stargate  
  132  17:02  Stargate  
  132  17:04  Stalker x2  
  132  17:05  Stalker x2  
  140  17:19  Protoss Air Weapons Level 3 (Chrono Boost)  
  132  17:49  Tempest x3  
  126  18:27  Tempest x2  
  126  18:32  Tempest  
  134  18:50  Tempest  
  134  18:51  Tempest  
  138  19:10  Tempest  
  142  19:26  Tempest x2  
  142  19:30  Stalker x2  
  154  19:32  Stalker  
  154  19:33  Tempest  
  156  19:58  Nexus  
  156  20:02  Assimilator  
  156  20:05  Assimilator  
Tags
 
Add a new tag
Caveats
  • Supply blocks, unpowered buildings, or Contaminate may cause inaccurate times.
  • Supply counts are checked every 10 seconds.